 Dungeon Sprint DCSS version 0.31.0-11-ge490571c62 (webtiles) character file.

Game seed: 9306973674248461851

128 Heoruswealwe the Spear-Bearer (level 4, -6/45 HPs)
             Began as a Minotaur Fighter on Feb 8, 2024.
             Was an Initiate of Gozag.
             Mangled by a troll (14 damage)
             ... in the Dungeon (Sprint IX: "|||||||||||||||||||||||||||||").
             The game lasted 00:00:53 (104 turns).

Heoruswealwe the Spear-Bearer (Minotaur Fighter)     Turns: 104, Time: 00:00:54

Health: -6/45      AC:  7    Str: 22    XL:     4   Next: 87%
Magic:  3/3        EV:  9    Int:  5    God:    Gozag
Gold:   0          SH:  4    Dex: 10    Spells: 3/3 levels left

rFire   . . .        a - +0 trident
rCold   . . .        d - +0 buckler
rNeg    . . .        c - +0 scale mail
rPois   .            (helmet restricted)
rElec   .            (no cloak)
rCorr   .            (no gloves)
SInv    .            (no boots)
Will    .....        (no amulet) Stlth
                     (no ring)
HPRegen 0.27/turn    (no ring)
MPRegen 0.08/turn

%: no teleportation
@: no status effects
A: horns 2, retaliatory headbutt
a: Renounce Religion, Potion Petition, Call Merchant, Bribe Branch


You were in the Dungeon.
You worshipped Gozag.
Gozag was noncommittal.
You visited 1 branch

Inventory:

Hand Weapons
 a - a +0 trident (weapon)
Armour
 c - a +0 scale mail (worn)
 d - a +0 buckler (worn)
Jewellery
 k - a +2 ring of protection
 l - a +3 ring of intelligence
Wands
 h - a wand of light (10)
Scrolls
 j - 2 scrolls of blinking
Potions
 b - a potion of might
 e - 5 potions of curing
 f - 3 potions of heal wounds
 g - a potion of haste
 i - a potion of berserk rage


   Skills:
 + Level 6.8 Fighting
 * Level 8.6 Polearms
 + Level 6.8 Armour
 - Level 3.6 Shields


You had 3 spell levels left.
You didn't know any spells.
Your spell library was empty.

Dungeon Overview and Level Annotations

Branches:
Dungeon (1/1)

Altars:
Cheibriados
Dithmenos
Elyvilon
Fedhas
Gozag
Hepliaklqana
Kikubaaqudgha
Makhleb
Nemelex Xobeh
Okawaru
Qazlal
Ru
Sif Muna
Trog
Uskayaw
Vehumet
Wu Jian
Xom
Yredelemnul
Zin
The Shining One
Jiyva
Lugonu


Innate Abilities, Weirdness & Mutations

You have a pair of horns on your head.
You reflexively headbutt those who attack you in melee.


Message History

You drop 2 potions of magic.
Found a +3 ring of intelligence.
j - 2 scrolls of blinking (gained 1)
You see here 2 scrolls of amnesia.
h - a wand of light (10)
Items here: )))))).
Okay, then.
You see here a +0 cloak.
You see here a +0 cloak.
You see here a +1 scale mail.
k - a +2 ring of protection
l - a +3 ring of intelligence You open the door.
A troll, a wyvern, an orc wizard, a kobold demonologist, a two-headed ogre and a killer bee come into view.
The orc wizard is wielding a +0 dagger and wearing a +2 robe of positive energy.
The orc wizard shouts!
The kobold demonologist shouts!
The two-headed ogre shouts in stereo!
The killer bee buzzes angrily.
The kobold demonologist mumbles some strange words.
You closely miss the troll. You headbutt the troll!
The troll is moderately wounded.
The troll bites you! You block the troll's attack. x2
You closely miss the troll. Your headbutt misses the troll.
The troll is moderately wounded.
The troll closely misses you. The troll claws you but does no damage.
The troll claws you.
You puncture the troll!
The troll is heavily wounded.
The troll barely misses you. You furiously retaliate!
You headbutt the troll! You block the troll's attack. The troll claws you.
You closely miss the troll.
The troll is severely wounded.
The kobold demonologist casts a spell.
The troll bites you! The troll claws you!
* * * LOW HITPOINT WARNING * * *
The troll closely misses you.
You hit the troll.
The troll is severely wounded.
The troll bites you!
You die...
Your body crumbles into a pile of gold. ▓▓▓▓▓▓▓▓▓▓▓▓▓▓▓▓▓▓▓▓▓▓▓▓ _______'!?).[[[.@TkoO5Ky ▓▓▓▓▓▓▓▓▓▓▓▓▓▓▓▓▓▓▓▓▓▓▓▓

You could see a two-headed ogre, a kobold demonologist, a troll, a wyvern, a killer bee, an orc wizard and a crimson imp (summoned).

Vanquished Creatures
  An ogre (D)
  An iguana (D)
  An adder (D)
  An endoplasm (D)
  2 giant cockroaches (D)
  A jackal (D)
  A kobold (D)
  A quokka (D)
  A rat (D)
10 creatures vanquished.

Notes
Turn   | Place    | Note
-------+----------+-------------------------------------------
     0 | D        | Heoruswealwe the Minotaur Fighter began the quest for the
                  | Orb.
     0 | D        | Reached XP level 1. HP: 19/19 MP: 0/0
     5 | D        | Reached skill level 3 in Polearms
    21 | D        | Noticed an iguana
    21 | D        | Noticed an ogre
    24 | D        | Reached skill level 4 in Polearms
    29 | D        | Reached XP level 2. HP: 28/28 MP: 1/1
    42 | D        | Reached skill level 5 in Fighting
    42 | D        | Reached skill level 6 in Polearms
    42 | D        | Reached skill level 5 in Armour
    42 | D        | Reached XP level 3. HP: 26/36 MP: 2/2
    46 | D        | Killed an ogre
    47 | D        | Reached skill level 8 in Polearms
    47 | D        | Reached XP level 4. HP: 35/45 MP: 3/3
    53 | D        | Found a snail-covered altar of Cheibriados.
    53 | D        | Found a shadowy altar of Dithmenos.
    53 | D        | Found a white marble altar of Elyvilon.
    53 | D        | Found a blossoming altar of Fedhas.
    53 | D        | Found an opulent altar of Gozag.
    54 | D        | Found a hazy altar of Hepliaklqana.
    55 | D        | Found a viscous altar of Jiyva.
    56 | D        | Found an ancient bone altar of Kikubaaqudgha.
    57 | D        | Found a corrupted altar of Lugonu.
    58 | D        | Found a burning altar of Makhleb.
    59 | D        | Found a sparkling altar of Nemelex Xobeh.
    60 | D        | Found an iron altar of Okawaru.
    61 | D        | Found a stormy altar of Qazlal.
    63 | D        | Became a worshipper of Gozag Ym Sagoz the Greedy
    65 | D        | Found a sacrificial altar of Ru.
    66 | D        | Found a shimmering blue altar of Sif Muna.
    67 | D        | Found a bloodstained altar of Trog.
    68 | D        | Found a hide-covered altar of Uskayaw.
    69 | D        | Found a radiant altar of Vehumet.
    70 | D        | Found an ornate altar of the Wu Jian Council.
    71 | D        | Found a shimmering altar of Xom.
    72 | D        | Found a basalt altar of Yredelemnul.
    73 | D        | Found a glowing silver altar of Zin.
    74 | D        | Found a glowing golden altar of the Shining One.
    99 | D        | Noticed a troll
    99 | D        | Noticed a wyvern
    99 | D        | Noticed a kobold demonologist
    99 | D        | Noticed a two-headed ogre
   104 | D        | Mangled by a troll

Illustrated notes

Levels and vault maps discovered:
D:        linesprint [early_d, line_temple, items_1, d_10, items_2, lair_1,
          lair_end, items_3, orc_1, orc_end, items_4, d_15, swamp_1, shoals_1,
          snake_1, spider_1, d_20, vaults_1, items_5, swamp_end, shoals_end,
          snake_end, spider_end, vaults_end, d_27, items_6, zot_1, zot_end,
          crypt_end, forest_end, elf_end, slime_end, tomb_end, abyss_end,
          pan_hell_end]

Skill      XL: |  1  2  3 |
---------------+----------+-----
Polearms       | 4 6 8 |  8.6
Fighting       | 4 5 6 |  6.8
Armour         | 4 5 6 |  6.8
Shields        | |  3.6

Action                     |  1- 3 |  4- 6 || total
---------------------------+-------+-------++-------
  Melee: Trident           |    34 |     5 ||    39
         Headbutt          |     5 |     1 ||     6
 Armour: Scale mail        |    13 |     7 ||    20
  Dodge: Dodged            |    13 |     3 ||    16
  Block: Buckler           |     8 |     3 ||    11
